 Dungeon Sprint DCSS version 0.20-a0-1124-g2e29d97 (webtiles) character file.

61828 potatolord6000 the Pulveriser (level 14, -2/157 HPs)
             Began as a Minotaur Gladiator on May 16, 2017.
             Was an Initiate of Gozag.
             Slain by a death knight
             ... wielding a +1 great sword
              (30 damage)
             ... in the Dungeon (Sprint IX: "|||||||||||||||||||||||||||||").
             The game lasted 00:17:35 (3488 turns).

potatolord6000 the Pulveriser (Minotaur Gladiator)  Turns: 3488, Time: 00:17:36

Health: -2/157     AC: 31    Str: 28    XL:     14   Next: 62%
Magic:  13/13      EV: 22    Int:  7    God:    Gozag
Gold:   606        SH:  0    Dex: 15    Spells: 13/13 levels left

rFire    . . .     SeeInvis +   h - +4 quarterstaff (crush)
rCold    + . .     Gourm    .   (shield currently unavailable)
rNeg     + + .     Faith    .   A - +2 plate armour "Otugink" {*Drain rN+ rCorr}
rPois    +         Spirit   .   m - +2 hat {MR+}
rElec    .         Reflect  .   z - +1 cloak
rCorr    +         Harm     .   n - +0 pair of gloves of Gravity {rF+ MR+ Dex-4}
MR       +++..     NoTele   +   r - +1 pair of boots "Fecok" {*Slow rPois Regen+ SInv}
Stlth    ..........             (no amulet)
Regen    0.8/turn               C - ring of Sasutiw {rF- rC+ Int+2 Dex+3 Slay+4}
MPRegen  0.2/turn               f - ring of Biaf Pomp {rPois rN+ Str+4 Dex+4}

@: gold aura
A: retaliatory headbutt, horns 2
a: Potion Petition, Call Merchant, Bribe Branch, Renounce Religion


You were in the Dungeon.
You worshipped Gozag.
Gozag was pleased with you.
You were not hungry.

You visited 1 branch You collected 15577 gold pieces.
You spent 3864 gold pieces at shops.
You paid 11107 gold pieces to Gozag.

Inventory:

Hand Weapons
 h - a +4 quarterstaff of crushing (weapon)
Missiles
 p - 2 throwing nets (quivered)
Armour
 m - a +2 hat of magic resistance (worn)
 n - the +0 pair of gloves of Gravity (worn) {rF+ MR+ Dex-4}
   (You bought it in a shop in the Dungeon)

   It affects your dexterity (-4).
   It protects you from fire.
   It affects your resistance to hostile enchantments.
 r - the +1 pair of boots "Fecok" (worn) {*Slow rPois Regen+ SInv}
   (You found it in the Dungeon)

   It protects you from poison.
   It lets you see invisible.
   It increases your rate of regeneration.
   It may slow you when you take damage.
 z - a +1 cloak (worn)
 A - the +2 plate armour "Otugink" (worn) {*Drain rN+ rCorr}
   (You bought it in a shop in the Dungeon)

   It protects you from negative energy.
   It protects you from acid and corrosion.
   It causes draining when unequipped.
Jewellery
 f - the ring of Biaf Pomp (right hand) {rPois rN+ Str+4 Dex+4}
   (You bought it in a shop in the Dungeon)

   [ring of dexterity]

   It affects your strength (+4).
   It affects your dexterity (+4).
   It protects you from poison.
   It protects you from negative energy.
 C - the ring of Sasutiw (left hand) {rF- rC+ Int+2 Dex+3 Slay+4}
   (You bought it in a shop in the Dungeon)

   [ring of protection from cold]

   It affects your intelligence (+2).
   It affects your dexterity (+3).
   It affects your accuracy and damage with ranged weapons and melee attacks
   (+4).
   It makes you vulnerable to fire.
   It protects you from cold.
Scrolls
 k - 4 scrolls of blinking
 l - 4 scrolls of remove curse
 q - 5 scrolls of identify
 t - 3 scrolls of recharging
 u - a scroll of fear
 y - 3 scrolls of amnesia
 B - a scroll of enchant armour
Potions
 a - 3 potions of might
 c - 3 potions of heal wounds
 d - 2 potions of agility
 e - 6 potions of curing
 g - 2 potions of resistance
 i - 4 potions of magic
 j - 4 potions of berserk rage
 o - a potion of haste
Comestibles
 s - a royal jelly
 v - 40 fruits
 w - 12 bread rations
 x - 10 meat rations


   Skills:
 + Level 23.5 Fighting
 + Level 23.6 Staves
 - Level 2.0 Throwing
 + Level 20.9 Armour
 + Level 22.2 Dodging


You had 13 spell levels left.
You didn't know any spells.

Dungeon Overview and Level Annotations

Branches:
Dungeon (1/1)

Altars:
Cheibriados
Dithmenos
Elyvilon
Fedhas
Gozag
Hepliaklqana
Kikubaaqudgha
Makhleb
Nemelex Xobeh
Okawaru
Qazlal
Ru
Sif Muna
Trog
Uskayaw
Vehumet
Wu Jian
Xom
Yredelemnul
Zin
The Shining One
Beogh
Jiyva
Lugonu

Shops:
D ?(%[*%[=*=*(!


Innate Abilities, Weirdness & Mutations

You reflexively headbutt those who attack you in melee.
You have a pair of horns on your head.


Message History

Unknown command.
The ironbrand convoker shouts!
You bludgeon the hippogriff!!
You kill the hippogriff!
An ironheart preserver comes into view. It is wielding a flail.
The ironheart preserver shouts!
The death knight barely misses you. You furiously retaliate!
You headbutt the death knight, but do no damage.
The vault sentinel blows a loud note on a signal horn!
You see here 117 gold pieces.
Unknown command.
Unknown command.
You bludgeon the death knight!!
The death knight is heavily wounded.
The death knight reflects your damage back at you!
* * * LOW HITPOINT WARNING * * *
The hornet is no longer distracted by gold.
The death knight hits you with an enchanted great sword!!
You die...
Your body crumbles into a pile of gold.

▓▓▓▓▓▓▓▓▓▓▓▓▓▓▓▓▓▓▓▓▓▓▓▓
pppytpp@$$$$$$$$+(...)..
▓▓▓▓▓▓▓▓▓▓▓▓▓▓▓▓▓▓▓▓▓▓▓▓▓▓▓▓▓▓▓▓▓
.................................
▓▓▓▓▓▓▓▓▓▓▓▓▓▓▓▓▓♣♣♣♣♣♣♣♣♣♣▓▓▓▓▓▓
......'.........'........)'.....[
▓▓▓▓▓▓▓▓▓▓▓▓▓▓▓▓▓♣♣♣♣♣♣♣♣♣♣▓▓▓▓▓▓
................)................
▓▓▓▓▓▓▓▓▓▓▓▓▓▓▓▓▓▓▓▓▓▓▓▓▓▓▓▓▓▓▓▓▓
...'....∩..((((((.('.(........[[[


You could see an ironheart preserver, a death knight, a fire crab shaped
shifter, 2 vault sentinels, an ironbrand convoker and a hornet.

Vanquished Creatures
  A lich (D)
  Gastronok (D)
  A nagaraja (D)
  A tengu reaver (D)
  A frost giant (D)
  2 ghost moths (D)
  A vault warden (D)
  An emperor scorpion (D)
  2 ironheart preservers (D)
  2 stone giants (D)
  A vampire knight (D)
  A very ugly thing (D)
  Azrael (D)
  A merfolk impaler (D)
  A merfolk javelineer (D)
  2 yaktaur captains (D)
  2 ice dragons (D)
  6 ogre magi (D)
  A hydra (D)
  Harold (D)
  A rakshasa (D)
  3 centaur warriors (D)
  Erica (D)
  A merfolk aquamancer (D)
  A two-headed ogre (D)
  A death knight (D)
  2 tengu warriors (D)
  A spriggan berserker (D)
  Nergalle (D)
  A shock serpent (D)
  A fire crab (shapeshifter) (D)
  A salamander mystic (D)
  A sea snake (D)
  A hell knight (D)
  A spriggan druid (D)
  A flayed ghost (D)
  5 deep trolls (D)
  A naga ritualist (D)
  3 necromancers (D)
  2 ironbrand convokers (D)
  A wolf spider (D)
  A cyclops (D)
  An orc knight (D)
  A manticore (D)
  An orb spider (D)
  An ugly thing (D)
  Joseph (D)
  Maurice (D)
  A guardian serpent (D)
  A naga mage (D)
  4 black mambas (D)
  A vault sentinel (D)
  2 yaktaurs (D)
  3 komodo dragons (D)
  4 spiny frogs (D)
  A demonic crawler (D)
  2 merfolk (D)
  3 jumping spiders (D)
  5 trolls (D)
  A hornet (D)
  2 slime creatures (D)
  A dream sheep (D)
  A hippogriff (shapeshifter) (D)
  2 bog bodies (D)
  3 hippogriffs (D)
  2 redbacks (D)
  A tarantella (D)
  A shadow (D)
  2 water elementals (D)
  A vampire mosquito (D)
  A hungry ghost (D)
  A warg (D)
  3 fire elementals (D)
  2 insubstantial wisps (D)
  5 hell hounds (D)
  A water moccasin (D)
  A soldier ant (D)
  3 porcupines (D)
  14 orc warriors (D)
  A boggart (D)
  A centaur (D)
  2 crocodiles (D)
  6 wolves (D)
  A big kobold (D)
  2 bullfrogs (D)
  A crimson imp (D)
  3 orc priests (D)
  A jelly (D)
  2 orc wizards (D)
  3 adders (D)
  An ooze (D)
  A leopard gecko (D)
  7 orcs (D)
  A giant cockroach (D)
  2 goblins (D)
  A hobgoblin (D)
  A jackal (D)
  A quokka (D)
  A ball python zombie (D)
182 creatures vanquished.

Notes
Turn   | Place    | Note
-------+----------+-------------------------------------------
     0 | D        | potatolord6000 the Minotaur Gladiator began the quest for the Orb.
     0 | D        | Reached XP level 1. HP: 18/18 MP: 0/0
    12 | D        | Reached XP level 2. HP: 27/27 MP: 1/1
    26 | D        | Reached skill level 5 in Fighting
    26 | D        | Reached skill level 5 in Staves
    26 | D        | Reached skill level 5 in Dodging
    26 | D        | Reached XP level 3. HP: 36/36 MP: 2/2
    39 | D        | Found a roughly hewn altar of Beogh.
    39 | D        | Found a snail-covered altar of Cheibriados.
    39 | D        | Found a shadowy altar of Dithmenos.
    39 | D        | Found a white marble altar of Elyvilon.
    39 | D        | Found a blossoming altar of Fedhas.
    39 | D        | Found an opulent altar of Gozag.
    40 | D        | Found a hazy altar of Hepliaklqana.
    41 | D        | Found a viscous altar of Jiyva.
    42 | D        | Found an ancient bone altar of Kikubaaqudgha.
    43 | D        | Found a corrupted altar of Lugonu.
    44 | D        | Found a burning altar of Makhleb.
    45 | D        | Found a sparkling altar of Nemelex Xobeh.
    46 | D        | Found an iron altar of Okawaru.
    47 | D        | Became a worshipper of Gozag Ym Sagoz the Greedy
    48 | D        | Found a stormy altar of Qazlal.
    49 | D        | Found a sacrificial altar of Ru.
    50 | D        | Found a deep blue altar of Sif Muna.
    51 | D        | Found a bloodstained altar of Trog.
    52 | D        | Found a hide-covered altar of Uskayaw.
    53 | D        | Found a radiant altar of Vehumet.
    54 | D        | Found an ornate altar of the Wu Jian Council.
    55 | D        | Found a shimmering altar of Xom.
    56 | D        | Found a basalt altar of Yredelemnul.
    57 | D        | Found a glowing silver altar of Zin.
    58 | D        | Found a glowing golden altar of the Shining One.
   113 | D        | Noticed a centaur
   113 | D        | Noticed a big kobold
   113 | D        | Noticed a komodo dragon
   119 | D        | Killed a komodo dragon
   119 | D        | Reached XP level 4. HP: 33/50 MP: 3/3
   119 | D        | Reached XP level 5. HP: 38/57 MP: 4/4
   119 | D        | Reached XP level 6. HP: 42/63 MP: 5/5
   124 | D        | Reached skill level 10 in Staves
   131 | D        | Reached skill level 10 in Fighting
   152 | D        | Noticed a hungry ghost
   152 | D        | Noticed a troll
   152 | D        | Noticed a hornet
   152 | D        | Noticed a shadow
   155 | D        | Killed a shadow
   155 | D        | Reached skill level 10 in Dodging
   155 | D        | Reached XP level 7. HP: 54/73 MP: 6/6
   165 | D        | Killed a hornet
   172 | D        | Killed a troll
   186 | D        | Killed a hungry ghost
   186 | D        | Reached XP level 8. HP: 54/83 MP: 7/7
   337 | D        | Noticed a hippogriff
   337 | D        | Noticed a komodo dragon
   337 | D        | Noticed a spiny frog
   337 | D        | Noticed a hippogriff
   340 | D        | Killed a hippogriff
   344 | D        | Killed a spiny frog
   349 | D        | Killed a komodo dragon
   358 | D        | Killed a hippogriff
   363 | D        | Reached XP level 9. HP: 49/93 MP: 8/8
   413 | D        | Noticed a spiny frog
   413 | D        | Noticed a spiny frog
   413 | D        | Noticed a black mamba
   414 | D        | Killed a black mamba
   414 | D        | Reached skill level 5 in Armour
   420 | D        | Noticed a komodo dragon
   432 | D        | Killed a spiny frog
   439 | D        | Bought a glowing quarterstaff for 133 gold pieces
   669 | D        | Reached skill level 15 in Staves
   679 | D        | Killed a spiny frog
   681 | D        | Killed a komodo dragon
   681 | D        | Reached skill level 15 in Fighting
   681 | D        | Reached XP level 10. HP: 105/105 MP: 9/9
   715 | D        | Bought a pair of warped gloves for 323 gold pieces
   720 | D        | Identified the +0 pair of gloves of Gravity {rF+ MR+ Dex-4} (You bought it in a shop in the Dungeon)
   879 | D        | Noticed Harold
   880 | D        | Noticed Maurice
   892 | D        | Killed Maurice
   898 | D        | Killed Harold
   998 | D        | Bought a spiked plate armour for 952 gold pieces
  1008 | D        | Identified the +2 plate armour "Otugink" {*Drain rN+ rCorr} (You bought it in a shop in the Dungeon)
  1122 | D        | Noticed an orc knight
  1140 | D        | Killed an orc knight
  1140 | D        | Reached skill level 15 in Dodging
  1145 | D        | Reached skill level 10 in Armour
  1208 | D        | Bought a scroll of identify for 60 gold pieces
  1208 | D        | Bought a scroll of identify for 60 gold pieces
  1456 | D        | Found Oruomoik's Food Boutique.
  1456 | D        | Noticed a deep troll
  1456 | D        | Noticed a deep troll
  1456 | D        | Noticed an ogre mage
  1456 | D        | Noticed a deep troll
  1457 | D        | Noticed an ogre mage
  1473 | D        | Killed a deep troll
  1473 | D        | Reached XP level 11. HP: 112/116 MP: 10/10
  1480 | D        | Killed an ogre mage
  1485 | D        | Killed a deep troll
  1491 | D        | Killed a deep troll
  1512 | D        | Killed an ogre mage
  1672 | D        | Found Omaoxus's General Store.
  1676 | D        | Found Neheogeom's Armour Boutique.
  1678 | D        | Noticed an ogre mage
  1679 | D        | Found Wanlu's Food Shop.
  1681 | D        | Noticed a deep troll
  1685 | D        | Noticed a deep troll
  1686 | D        | Killed an ogre mage
  1687 | D        | Noticed an ogre mage
  1697 | D        | Killed a deep troll
  1702 | D        | Killed a deep troll
  1712 | D        | Killed an ogre mage
  1768 | D        | Bought the ring of Biaf Pomp {rPois rN+ Str+4 Dex+4} for 762 gold pieces
  1910 | D        | Noticed Gastronok
  1927 | D        | Killed Gastronok
  1950 | D        | Noticed Joseph
  1966 | D        | Killed Joseph
  1966 | D        | Reached XP level 12. HP: 93/128 MP: 11/11
  2045 | D        | Got the +1 pair of boots "Fecok" {*Slow rPois Regen+ SInv}
  2102 | D        | Noticed a centaur warrior
  2102 | D        | Noticed a death knight
  2107 | D        | Noticed a two-headed ogre
  2115 | D        | Noticed a stone giant
  2116 | D        | Killed a death knight
  2122 | D        | Killed a centaur warrior
  2127 | D        | Noticed a lich
  2130 | D        | Noticed a tengu reaver
  2139 | D        | Killed a two-headed ogre
  2147 | D        | Killed a stone giant
  2148 | D        | Noticed a vampire knight
  2152 | D        | Killed a lich
  2152 | D        | Reached skill level 15 in Armour
  2166 | D        | Killed a tengu reaver
  2181 | D        | Killed a vampire knight
  2349 | D        | Noticed Nergalle
  2364 | D        | Killed Nergalle
  2395 | D        | Noticed Erica
  2404 | D        | Killed Erica
  2435 | D        | Noticed a merfolk javelineer
  2435 | D        | Noticed a merfolk aquamancer
  2435 | D        | Noticed a merfolk impaler
  2443 | D        | Killed a merfolk impaler
  2457 | D        | Killed a merfolk aquamancer
  2457 | D        | Reached XP level 13. HP: 126/139 MP: 12/12
  2465 | D        | Killed a merfolk javelineer
  2547 | D        | Noticed a nagaraja
  2579 | D        | Killed a nagaraja
  2627 | D        | Bought 2 potions of curing for 72 gold pieces
  2627 | D        | Bought a potion of heal wounds for 60 gold pieces
  2627 | D        | Bought a potion of might for 48 gold pieces
  2627 | D        | Bought 2 potions of resistance for 240 gold pieces
  2627 | D        | Bought 2 potions of heal wounds for 120 gold pieces
  2627 | D        | Bought a potion of heal wounds for 60 gold pieces
  2627 | D        | Bought a potion of curing for 36 gold pieces
  2627 | D        | Bought a potion of curing for 36 gold pieces
  2627 | D        | Bought a potion of might for 48 gold pieces
  2843 | D        | Noticed a ghost moth
  2850 | D        | Killed a ghost moth
  2924 | D        | Noticed a ghost moth
  2940 | D        | Killed a ghost moth
  2985 | D        | Noticed Azrael
  2997 | D        | Killed Azrael
  3026 | D        | Bought a scroll of identify for 26 gold pieces
  3026 | D        | Bought a scroll of identify for 26 gold pieces
  3026 | D        | Bought a scroll of identify for 26 gold pieces
  3026 | D        | Bought a scroll of enchant armour for 97 gold pieces
  3033 | D        | Noticed an emperor scorpion
  3056 | D        | Killed an emperor scorpion
  3128 | D        | Noticed a stone giant
  3136 | D        | Noticed a frost giant
  3157 | D        | Killed a stone giant
  3157 | D        | Reached XP level 14. HP: 132/154 MP: 13/13
  3179 | D        | Killed a frost giant
  3262 | D        | Bought the ring of Sasutiw {rF- rC+ Int+2 Dex+3 Slay+4} for 679 gold pieces
  3398 | D        | Noticed an ironheart preserver
  3414 | D        | Noticed an ironheart preserver
  3433 | D        | Killed an ironheart preserver
  3435 | D        | Killed an ironheart preserver
  3447 | D        | Noticed a green very ugly thing
  3453 | D        | Noticed a vault warden
  3466 | D        | Killed a green very ugly thing
  3479 | D        | Killed a vault warden
  3487 | D        | Noticed an ironheart preserver
  3488 | D        | Slain by a death knight

Vault maps used:
D:        linesprint

Skill      XL: |  1  2  3  4  5  6  7  8  9 10 11 12 13 14 |
---------------+-------------------------------------------+-----
Fighting       | 3 5 9 10 12 13 15 16 18 20 22 23 | 23.5
Staves         | 4 5 9 11 12 13 15 16 18 20 22 23 | 23.6
Dodging        | 4 5 8 10 11 12 14 15 17 19 20 22 | 22.2
Armour         | 2 7 11 13 16 19 20 | 20.9
Throwing       | |  2.0

Action                   |  1- 3 |  4- 6 |  7- 9 | 10-12 | 13-15 || total
-------------------------+-------+-------+-------+-------+-------++-------
Melee: Quarterstaff      |    20 |       |    22 |   317 |   329 ||   688
       Headbutt          |     6 |     4 |    28 |    89 |   102 ||   229
       Lajatang          |     4 |    10 |    68 |       |       ||    82
Invok: Call Merchant     |       |       |     1 |     5 |     3 ||     9
  Use: Potion            |     3 |       |     3 |     1 |     7 ||    14
       Scroll            |       |       |     1 |     2 |       ||     3
 Stab: Invisible         |     2 |     2 |       |       |       ||     4
       Distracted        |       |       |       |     2 |     2 ||     4
  Eat: Bread ration      |       |       |     1 |       |       ||     1
       Meat ration       |       |       |       |     2 |       ||     2
Armor: Leather armour    |     4 |       |       |       |       ||     4
       Chain mail        |     2 |     3 |    20 |     6 |       ||    31
       Plate armour      |       |       |       |    97 |   138 ||   235
Dodge: Dodged            |    11 |     3 |    49 |   125 |   188 ||   376
